 Dungeon Crawl Stone Soup version 0.23-a0-696-gf95311e5ea (webtiles) character file.

21 Flugkiller the Cudgeler (level 2, 0/16 HPs)
             Began as a Vine Stalker Chaos Knight on Jan 12, 2019.
             Was a Plaything of Xom.
             Slain by a bat (1 damage)
             ... on level 1 of the Dungeon.
             The game lasted 00:00:35 (239 turns).

Flugkiller the Cudgeler (Vine Stalker Chaos Knight)  Turns: 239, Time: 00:00:36

Health: 0/16       AC:  5    Str: 14    XL:     2   Next: 87%
Magic:  0/3        EV: 11    Int: 12    God:    Xom [*.....]
Gold:   39         SH:  0    Dex: 13    Spells: 1/1 levels left

rFire    . . .     SeeInvis .   a - +0 mace (chaos)
rCold    . . .     Gourm    .   (no shield)
rNeg     . . .     Faith    .   b - +2 leather armour
rPois    .         Spirit   +   (no helmet)
rElec    .         Reflect  .   (no cloak)
rCorr    .         Harm     .   (no gloves)
MR       .....                  (no boots)
Stlth    +.........             (no amulet)
HPRegen  0.05/turn              (no ring)
MPRegen  0.08/turn              (no ring)

@: no status effects
A: fangs 2, magic shield, antimagic bite, no potion heal 3, rot immunity
a: Renounce Religion


You were on level 1 of the Dungeon.
You worshipped Xom.
You were a special plaything of Xom.
You were not hungry.

You visited 1 branch of the dungeon, and saw 1 of its levels.

You collected 39 gold pieces.

Inventory:

Hand Weapons
 a - a +0 mace of chaos (weapon)
Armour
 b - a +2 leather armour (worn)
Scrolls
 h - 2 scrolls of remove curse {unknown}
 i - a scroll of identify {unknown}
Potions
 e - a potion of lignification {unknown}
 f - a potion of brilliance {unknown}
 g - a potion of flight {unknown}
Comestibles
 c - 2 rations
 d - 13 chunks of flesh


   Skills:
 - Level 2.6 Fighting
 + Level 3.6 Maces & Flails
 - Level 1.5 Armour
 - Level 0.7 Dodging


You had one spell level left.
You didn't know any spells.
Your spell library was empty.

Dungeon Overview and Level Annotations

Branches:
Dungeon (1/15)

Altars:


Innate Abilities, Weirdness & Mutations

You have extremely sharp teeth.
When hurt, damage is shared between your health and your magic reserves.
Your bite disrupts and absorbs the magic of your enemies.
Potions cannot restore your health.
You are immune to rotting.


Message History

The bat hits you but does no damage. The kobold barely misses you.
The jackal closely misses you. The kobold hits you but does no damage.
Unknown command.
You hit the jackal but do no damage. You bite the jackal, but do no damage.
The bat hits you but does no damage. The bat hits you.
* * * LOW HITPOINT WARNING * * *
The jackal bites you but does no damage. x2
The kobold closely misses you.
Some of the chunks of flesh in your inventory have rotted away.
You hit the jackal. You burn the jackal.
The jackal is heavily wounded.
The bat hits you but does no damage. The jackal barely misses you.
The kobold hits you but does no damage.
The jackal bites you but does no damage.
Unknown command.
You closely miss the jackal. You bite the jackal, but do no damage.
The jackal is heavily wounded.
The bat hits you but does no damage. The kobold hits you with a +0 whip.
The jackal barely misses you.
Unknown command.
You barely miss the jackal. You bite the jackal. You drain its power.
You feel invigorated.
The jackal is severely wounded.
The bat hits you but does no damage. The jackal barely misses you.
The kobold hits you with a +0 whip.
* * * LOW HITPOINT WARNING * * *
The jackal closely misses you.
You hit the jackal but do no damage. Your bite misses the jackal.
The jackal is severely wounded.
The jackal bites you but does no damage.
The kobold hits you but does no damage. The bat hits you but does no damage.
The jackal closely misses you. The kobold hits you but does no damage.
Unknown command.
You closely miss the jackal. You bite the jackal, but do no damage.
The jackal is severely wounded.
The bat hits you but does no damage.
The jackal bites you but does no damage.
The kobold hits you with a +0 whip.
* * * LOW HITPOINT WARNING * * *
You hit the jackal.
You kill the jackal!
The bat hits you but does no damage. The kobold hits you with a +0 whip.
Unknown command.
The bat barely misses you.
You hit the kobold. You freeze the kobold.
You kill the kobold!
The bat barely misses you. The bat hits you.
You die... "I guess I need a new plaything now."

#......... ...## #.#....#
##.... #...# ..... #..##
#.## ############..# #...
##.....#(....$## ###.
##........(..†)## #.
#...............# #.
#.............b@# # ##.
#...............####
..###..
##........(...)..##..
.......
.................##.#
#>##..#
###...........÷.###..
#...
.........#........#.##
##.#
#####.#######.###...>###
### ... #####.#####.##.##
##.# ##.
#...............######...


You could see a bat.

Vanquished Creatures
  An ooze (D:1)
  3 ball pythons (D:1)
  A giant cockroach (D:1)
  2 goblins (D:1)
  2 hobgoblins (D:1)
  2 jackals (D:1)
  2 bats (D:1)
  A frilled lizard (D:1)
  A kobold (D:1)
  A rat (D:1)
16 creatures vanquished.

Notes
Turn   | Place    | Note
-------+----------+-------------------------------------------
     0 | D:1      | Flugkiller the Vine Stalker Chaos Knight began the quest
                  | for the Orb.
     0 | D:1      | Reached XP level 1. HP: 11/11 MP: 2/2
    27 | D:1      | Reached skill level 3 in Maces & Flails
    56 | D:1      | Reached XP level 2. HP: 15/16 MP: 3/3
   131 | D:1      | XOM: divination: magic mapping
   239 | D:1      | Slain by a bat

Vault maps used:
D:1:      onia_arrival_handbag, minmay_misc_feat_rows, minmay_small_reverse_x

Skill      XL: |  1 |
---------------+----+-----
Maces & Flails | 3 |  3.6
Fighting       | |  2.6
Armour         | |  1.5
Dodging        | |  0.7

Action                   || total
-------------------------++-------
Melee: Mace              ||    44
       Bite              ||     8
 Stab: Sleeping          ||     1
Armor: Leather armour    ||    38
Dodge: Dodged            ||    36

Table legend:
 A = Non-vault XP
 B = Vault XP
 C = Vault XP percentage of total XP
 D = Non-vault monster count
 E = Vault monster count
 F = Vault count percentage of total count
                 A         B        C        D         E       F
            +---------+---------+-------+---------+---------+-------
      Total |      26 |       5 |  16.1 |      13 |       3 |  18.8
            +---------+---------+-------+---------+---------+-------
        D:1 |      26 |       5 |  16.1 |      13 |       3 |  18.8
            +---------+---------+-------+---------+---------+-------
